Map: Berlingrad LE

Players

COSTCO

  • Race: Zerg Zerg
  • League: Diamond
  • Spawn Location: 11:00

Pumba - Winner!

  • Race: Protoss Protoss
  • League: Diamond
  • Spawn Location: 5:00

VOD

Have the link to the VOD?

Description

Time

  • Played on: March 15, 2022, 6:49 p.m.
  • Length: 13:31
Show
View Real Time Build Order
Export as new Build Order

COSTCO Zerg 

Build Orders: Hatch First, Lurkers 

Get SALT Encoding   

  12  0:00  Drone  
  13  0:14  Overlord  
  13  0:17  Drone  
  14  0:33  Drone x2  
  16  0:49  Hatchery  
  15  0:52  Drone  
  15  0:56  Drone  
  17  1:00  Drone  
  18  1:11  Extractor  
  17  1:16  Spawning Pool  
  16  1:19  Drone  
  17  1:28  Drone  
  18  1:34  Drone  
  19  1:42  Drone  
  20  1:54  Overlord  
  20  2:03  Queen  
  20  2:04  Queen  
  20  2:05  Zergling x4  
  26  2:15  Drone  
  27  2:16  Drone  
  28  2:23  Drone  
  28  2:27  Metabolic Boost  
  28  2:28  Drone  
  30  2:41  Hatchery  
  29  2:45  Overlord  
  29  2:47  Drone  
  29  2:48  Drone  
  31  2:56  Drone  
  32  3:04  Drone x2  
  33  3:12  Overlord  
  33  3:18  Drone  
  34  3:21  Zergling x6  
  34  3:22  Zergling x2  
  37  3:27  Queen  
  37  3:32  Drone x2  
  41  3:38  Drone  
  42  3:42  Drone  
  43  3:53  Drone  
  43  3:54  Drone x3  
  43  3:55  Queen  
  49  4:06  Extractor x2  
  49  4:08  Roach Warren  
  46  4:11  Evolution Chamber  
  46  4:12  Drone x6  
  50  4:17  Lair  
  50  4:20  Drone, Overlord  
  51  4:35  Spore Crawler  
  51  4:37  Spore Crawler  
  49  4:39  Spore Crawler, Drone x3  
  49  4:44  Drone x3, Overlord  
  54  4:45  Zergling x4  
  54  4:46  Zergling x2  
  58  4:52  Roach  
  58  4:53  Roach x2  
  62  5:00  Extractor  
  62  5:04  Roach x5  
  64  5:17  Overlord  
  64  5:20  Drone, Overlord  
  65  5:22  Roach x4  
  73  5:28  Drone  
  73  5:30  Glial Reconstitution, Overlord  
  74  5:36  Overseer  
  74  5:40  Drone x2  
  76  5:44  Drone x5  
  81  5:50  Queen  
  83  6:01  Drone x4  
  83  6:03  Drone  
  90  6:04  Drone x3  
  90  6:10  Hatchery  
  90  6:20  Overlord  
  90  6:21  Overseer  
  90  6:25  Evolution Chamber  
  90  6:26  Overlord x3, Evolution Chamber  
  90  6:29  Extractor x2  
  90  6:30  Drone x2  
  88  6:45  Drone  
  88  6:46  Roach x3  
  91  6:57  Drone  
  91  7:00  Zerg Missile Weapons Level 1  
  91  7:01  Zerg Ground Armor Level 1  
  92  7:03  Drone  
  92  7:04  Hydralisk Den  
  92  7:06  Overlord  
  92  7:07  Roach x8  
  108  7:13  Ravager x2  
  110  7:23  Overlord x2  
  110  7:26  Roach x6  
  122  7:30  Queen  
  124  7:37  Drone  
  124  7:38  Drone x4  
  124  7:39  Drone  
  130  7:54  Roach  
  130  7:55  Roach x7  
  146  8:07  Overlord x3  
  146  8:15  Spine Crawler  
  146  8:16  Spine Crawler  
  146  8:17  Overlord x2  
  146  8:18  Overlord x2  
  144  8:27  Overlord x3  
  144  8:29  Ravager  
  144  8:30  Ravager x11  
  156  8:41  Hydralisk  
  156  8:42  Hydralisk x4  
  156  8:45  Grooved Spines  
  166  8:54  Zerg Missile Weapons Level 2  
  166  8:55  Zerg Ground Armor Level 2  
  166  9:00  Zergling x6  
  166  9:01  Zergling x6  
  164  9:14  Drone  
  164  9:15  Drone x3  
  168  9:20  Infestation Pit  
  167  9:35  Hydralisk  
  167  9:36  Hydralisk x10  
  158  9:53  Roach  
  158  9:54  Roach x10  
  151  10:02  Zergling x8  
  151  10:03  Zergling x6  
  155  10:20  Zergling x2  
  155  10:21  Zergling x20  
  136  10:36  Lurker Den  
  136  10:39  Zergling x2  
  136  10:40  Hydralisk x7, Roach x2  
  126  10:49  Hive  
  107  10:53  Roach  
  107  10:54  Roach x5  
  113  10:57  Queen  
  115  11:09  Drone  
  115  11:11  Drone x3  
  119  11:12  Overseer  
  119  11:19  Overseer  
  119  11:29  Zergling x2  
  119  11:30  Roach  
  119  11:31  Roach x5  
  132  11:35  Lurker  
  132  11:36  Lurker x6  
  138  11:40  Zergling x22  
  149  12:00  Drone  
  150  12:02  Drone x3  
  150  12:03  Drone  
  150  12:05  Extractor x2  
  127  12:22  Adaptive Talons  
  118  12:26  Baneling Nest  
  117  12:30  Spine Crawler  
  117  12:32  Roach x10  
  117  12:33  Roach x3  
  142  12:50  Roach  
  142  12:51  Roach x13  
  121  13:06  Roach x2  
  121  13:07  Roach x6  
Show
View Real Time Build Order
Export as new Build Order

Pumba Protoss - Winner!

Build Orders: 1 Gate Expand, Archon Immortal, Archon Drop, Dark Templar Rush 

Get SALT Encoding   

  12  0:00  Probe  
  13  0:12  Probe  
  14  0:17  Pylon  
  14  0:24  Probe  
  15  0:41  Probe (Chrono Boost)  
  15  0:42  Gateway  
  16  0:47  Assimilator  
  17  0:50  Probe (Chrono Boost)  
  17  0:58  Probe  
  18  1:10  Probe  
  19  1:22  Probe  
  20  1:31  Nexus  
  20  1:34  Probe  
  21  1:40  Cybernetics Core  
  21  1:46  Assimilator  
  21  1:54  Probe  
  22  2:08  Pylon  
  22  2:10  Probe  
  23  2:18  Warp Gate  
  23  2:26  Adept (Chrono Boost), Probe (Chrono Boost)  
  26  2:32  Twilight Council  
  26  2:39  Probe (Chrono Boost)  
  28  2:45  Probe (Chrono Boost)  
  28  2:47  Probe (Chrono Boost)  
  28  2:50  Stalker  
  31  2:53  Probe (Chrono Boost)  
  31  2:55  Probe (Chrono Boost)  
  33  3:04  Probe  
  33  3:05  Probe  
  35  3:09  Robotics Facility  
  35  3:16  Probe  
  35  3:17  Probe  
  36  3:28  Probe  
  37  3:36  Probe  
  37  3:41  Gateway  
  38  3:44  Dark Shrine  
  38  3:50  Gateway x2  
  38  3:52  Probe x2  
  40  3:59  Warp Prism (Chrono Boost)  
  40  4:05  Probe  
  40  4:08  Probe, Assimilator  
  44  4:10  Assimilator  
  44  4:11  Pylon  
  44  4:16  Pylon  
  44  4:21  Adept  
  46  4:29  Probe (Chrono Boost)  
  46  4:30  Probe (Chrono Boost)  
  48  4:42  Probe (Chrono Boost)  
  50  4:47  Probe (Chrono Boost)  
  50  4:52  Probe (Chrono Boost)  
  50  4:54  Probe (Chrono Boost)  
  50  4:58  Dark Templar x4  
  60  5:01  Probe  
  60  5:06  Probe  
  62  5:21  Nexus  
  62  5:24  Pylon  
  62  5:29  Pylon  
  62  5:33  Pylon  
  62  5:35  Robotics Facility  
  62  5:36  Charge  
  62  5:37  Forge  
  62  5:42  Observer (Chrono Boost), Probe x2  
  65  5:45  Archon x2  
  65  5:53  Shield Battery  
  65  5:54  Probe x2  
  65  5:55  Immortal (Chrono Boost)  
  71  5:57  Sentry x2  
  71  5:59  Zealot x2  
  79  6:06  Probe  
  80  6:14  Protoss Ground Weapons Level 1 (Chrono Boost)  
  80  6:16  Probe  
  81  6:18  Probe  
  81  6:22  Gateway  
  81  6:24  Gateway  
  82  6:26  Gateway  
  82  6:28  Probe  
  82  6:29  Gateway  
  82  6:30  Probe  
  84  6:34  Probe  
  85  6:40  Probe  
  82  6:49  Immortal x2 (Chrono Boost)  
  90  6:55  Probe x3  
  93  7:07  Probe x2  
  95  7:08  Templar Archives  
  95  7:13  Pylon  
  95  7:15  Pylon  
  95  7:16  Probe  
  95  7:17  Pylon  
  95  7:18  Pylon  
  95  7:21  Immortal, Pylon  
  95  7:22  Assimilator  
  100  7:23  Assimilator  
  100  7:35  Zealot x6  
  100  7:36  Zealot x2  
  116  7:47  Photon Cannon  
  116  7:48  Psionic Storm  
  116  7:50  Photon Cannon  
  116  7:51  Pylon  
  116  7:54  Probe x2  
  116  7:55  Photon Cannon  
  116  7:56  Probe  
  119  8:02  High Templar x4  
  119  8:04  High Templar  
  129  8:31  Protoss Ground Weapons Level 2 (Chrono Boost)  
  129  8:32  Immortal x2  
  137  8:42  Nexus  
  137  8:45  Pylon  
  137  8:46  Pylon  
  137  8:48  Pylon  
  137  8:51  Zealot x6  
  143  9:18  Immortal x2 (Chrono Boost)  
  145  9:27  Pylon  
  145  9:31  High Templar x3, Pylon  
  145  9:32  High Templar  
  145  9:33  Zealot x3  
  145  9:34  Assimilator  
  145  9:36  Archon x2  
  159  9:40  Assimilator  
  151  9:50  Archon, Immortal  
  125  10:09  Observer  
  125  10:10  High Templar  
  125  10:11  High Templar x2  
  128  10:19  Zealot x5  
  134  10:31  Probe x3  
  115  10:40  Zealot x5  
  109  10:46  Zealot x3  
  107  10:58  Protoss Ground Armor Level 1 (Chrono Boost)  
  107  11:03  Gateway  
  107  11:04  High Templar x5  
  107  11:05  Gateway  
  107  11:07  Gateway  
  107  11:10  Gateway  
  117  11:19  Immortal x2 (Chrono Boost), Photon Cannon  
  117  11:20  Photon Cannon  
  117  11:22  Shield Battery  
  117  11:25  Shield Battery, Zealot x3  
  130  11:40  Stalker  
  132  11:48  Immortal (Chrono Boost)  
  132  11:49  Zealot x7  
  151  11:58  Observer (Chrono Boost)  
  151  12:03  Zealot x4  
  159  12:12  Immortal  
  153  12:26  Zealot x2  
  157  12:38  Zealot x6  
  157  12:39  Zealot x3  
  137  13:03  Archon x2  
  125  13:06  Zealot x12  
Tags
 
Add a new tag
Caveats
  • Supply blocks, unpowered buildings, or Contaminate may cause inaccurate times.
  • Supply counts are checked every 10 seconds.